 Dungeon Crawl Stone Soup version 0.31-a0-233-g139696dc86 (webtiles) character file.

Game seed: 3964317035969882699

42 qw the Shooter (level 3, -2/21 HPs)
             Began as a Gargoyle Hexslinger on July 9, 2023.
             Was an Initiate of Okawaru.
             Slain by an ufetubus (4 damage)
             ... on level 3 of the Dungeon.
             The game lasted 00:00:27 (1126 turns).

qw the Shooter (Gargoyle Hexslinger)                Turns: 1126, Time: 00:00:27

Health: -2/21      AC:  9    Str: 11    XL:     3   Next: 56%
Magic:  4/4        EV:  5    Int: 13    God:    Okawaru [......]
Gold:   10         SH:  0    Dex: 14    Spells: 3/4 levels left

rFire   . . .        Y - +1 sling
rCold   . . .        (no shield)
rNeg    + . .        g - +0 ring mail
rPois   inf          (no helmet)
rElec   +            (no cloak)
rCorr   .            (no gloves)
SInv    .            k - +0 pair of boots
Will    .....        (no amulet)
Stlth   +            (no ring)
HPRegen 0.23/turn    (no ring)
MPRegen 0.09/turn

%: no passive effects
@: held
A: sickness immunity, AC +3, negative energy resistance 1, electricity
resistance, torment resistance 1, petrification resistance
a: Renounce Religion


You were on level 3 of the Dungeon.
You worshipped Okawaru.
Okawaru was noncommittal.
You visited 1 branch of the dungeon, and saw 3 of its levels.

You collected 80 gold pieces.
You spent 70 gold pieces at shops.


Innate Abilities, Weirdness & Mutations

You are immune to sickness and miasma.
Your stone body is resilient. (AC +3)
You are immune to poison.
You resist negative energy. (rN+)
You are resistant to electric shocks. (rElec)
You are resistant to unholy torment.
You are immune to petrification.


   Skills:
 - Level 2.0 Fighting
 + Level 3.2 Ranged Weapons
 - Level 1.0 Armour
 - Level 1.5 Dodging
 - Level 1.0 Spellcasting
 - Level 2.6 Hexes


You had 3 spell levels left.
You knew the following spells:

 Your Spells              Type           Power      Damage    Failure   Level
a - Slow                  Hex            28%        N/A       22%         1

Your spell library contained the following spells:

 Spells                   Type           Power      Damage    Failure   Level
 Inner Flame              Hex/Fire       4%         N/A       75%         3
 Portal Projectile        Hex/Tloc       8%         N/A       75%         3
 Cause Fear               Hex            3%         N/A       91%         4

Inventory:

Hand Weapons
 Y - a +1 sling (weapon)
Armour
 g - a +0 ring mail (worn)
 k - a +0 pair of boots (worn)
Jewellery
 l - a ring of fire
Scrolls
 j - a scroll of identify
Potions
 b - a potion of might
 e - a potion of enlightenment {unknown}
 h - 2 potions of curing
 i - a potion of mutation {unknown}

Dungeon Overview and Level Annotations

Branches:
Dungeon (3/15)

Altars:
Okawaru

Shops:
D:3 *


Message History

The ufetubus closely misses you. The gnoll hits you but does no damage.
You shoot a sling bullet.
The sling bullet closely misses the ufetubus.
The ufetubus closely misses you.
The ufetubus hits you but does no damage. x2
The ufetubus barely misses you. The gnoll barely misses you.
You shoot a sling bullet.
The sling bullet closely misses the ufetubus.
The ufetubus hits you but does no damage. x2
The gnoll hits you but does no damage. The ufetubus closely misses you. x2
You shoot a sling bullet.
The sling bullet closely misses the ufetubus.
The ufetubus barely misses you. The ufetubus closely misses you.
A gnoll comes into view. It is wielding a +0 spear.
The gnoll hits you but does no damage.
The ufetubus hits you but does no damage. x2
You shoot a sling bullet.
The sling bullet closely misses the ufetubus.
The gnoll shouts!
The ufetubus closely misses you. The ufetubus barely misses you.
The ufetubus hits you but does no damage.
The ufetubus barely misses you. The gnoll hits you but does no damage.
You shoot a sling bullet. The sling bullet hits the ufetubus.
The ufetubus is moderately wounded.
The ufetubus hits you.
The ufetubus hits you but does no damage.
The gnoll throws a throwing net.
The throwing net hits you.
You become entangled in the net!
The ufetubus hits you but does no damage.
The ufetubus hits you. The gnoll barely misses you.
The ufetubus hits you but does no damage.
The ufetubus barely misses you.
You struggle against the net.
The ufetubus hits you but does no damage.
The ufetubus closely misses you.
The gnoll hits you from afar with a +0 spear.
You struggle against the net.
The ufetubus hits you but does no damage. x2
The gnoll hits you but does no damage. The ufetubus hits you.
You die...

#.# ... #.# #g#
#### #g#
########... #g#
#...#..#.##
#)######.#.#..#...
#@##.....#.#)...#.
#5##...###.##.#.#.
###.##.#.#
#.)..#...
#....#.#%#
#########
#.#..#.#.# #
#.##.(.#.# #
#######.##...#.# #
#.......##...#..
#####
#..~~~..#....#.#
#....


You could see 3 gnolls and an ufetubus.

Vanquished Creatures
  A gnoll (D:3)
  A worm (D:2)
  A dart slug (D:1)
  2 orcs (D:3)
  3 bats
  3 endoplasms (D:1)
  3 goblins
  A quokka (D:3)
  2 ball pythons (D:1)
  7 frilled lizards (D:1)
  2 kobolds (D:3)
  2 rats (D:1)
28 creatures vanquished.

Notes
Turn   | Place    | Note
-------+----------+-------------------------------------------
     0 | D:1      | qw the Gargoyle Hexslinger began the quest for the Orb.
     0 | D:1      | Reached XP level 1. HP: 12/12 MP: 2/2
     0 | D:1      | 0 ||| qw: Version: 0.3-a-51-g015441d
     0 | D:1      | 0 ||| qw: Game counter: 4012
     0 | D:1      | 0 ||| qw: Melee chars always use a shield: true
     0 | D:1      | 0 ||| qw: God list: Okawaru
     0 | D:1      | 0 ||| qw: Allow faded altars: false
     0 | D:1      | 0 ||| qw: Do Orc after clearing Dungeon:15 true
     0 | D:1      | 0 ||| qw: Do second Lair branch before Depths: true
     0 | D:1      | 0 ||| qw: Lair rune preference: random
     0 | D:1      | 0 ||| qw: Goals: Normal
     0 | D:1      | 0 ||| PLANNING D:1-11
   149 | D:1      | Reached XP level 2. HP: 16/16 MP: 3/3
   212 | D:1      | Reached skill level 3 in Ranged Weapons
   295 | D:1      | Found a faded altar of an unknown god.
   794 | D:1      | 794 ||| UPGRADING to +0 ring mail.
   804 | D:1      | 804 ||| DROPPING +0 robe.
   805 | D:1      | 805 ||| UPGRADING to +0 pair of boots.
   810 | D:1      | 810 ||| DROPPING ring of magical power.
   811 | D:1      | 811 ||| READING scroll labelled OFFYIL AHANK.
   812 | D:1      | 812 ||| READING scroll labelled ILAWAI QESA.
   813 | D:1      | 813 ||| READING 2 scrolls labelled JOMIBE PESOAME.
   814 | D:1      | 814 ||| READING scroll labelled ETHREPSA GYMA.
   815 | D:1      | 815 ||| DRINKING 2 viscous brown potions.
   816 | D:1      | 816 ||| DROPPING scroll of poison.
   852 | D:2      | Reached XP level 3. HP: 21/21 MP: 4/4
   860 | D:2      | You fall into a shaft and drop 1 floor!
   941 | D:3      | Found Hetysm's General Store.
  1024 | D:3      | 1024 ||| BUYING potion of curing (30 gold).
  1024 | D:3      | Bought a potion of curing for 30 gold pieces
  1024 | D:3      | 1024 ||| BUYING potion of might (40 gold).
  1024 | D:3      | Bought a potion of might for 40 gold pieces
  1047 | D:3      | Reached skill level 1 in Armour
  1072 | D:3      | Found an iron altar of Okawaru.
  1073 | D:3      | 1073 ||| PLANNING OKAWARU WORSHIP
  1073 | D:3      | 1073 ||| DROPPING +6 ring of intelligence.
  1074 | D:3      | 1074 ||| READING scroll labelled XYVVIC ZOSK.
  1086 | D:3      | Became a worshipper of Warmaster Okawaru
  1087 | D:3      | 1087 ||| PLANNING D:1-11
  1125 | D:3      | HP: 2/21 [gnoll/+0 spear (6)]
  1126 | D:3      | Slain by an ufetubus

Levels and vault maps discovered:
D:1:      dpeg_arrival_fog, layout_basic, shapermc_ecumenical_altar_petra,
          minmay_lizard_king
D:2:      layout_loops_cross
D:3:      minmay_wonky_spiral, layout_basic, mainiacjoe_overflow_catwalk,
          serial_shops, shop

Skill      XL: |  1  2  3 |
---------------+----------+-----
Ranged Weapons | 3 |  3.2
Fighting       | 2 |  2.0
Armour         | 1 |  1.0
Dodging        | |  1.5
Spellcasting   | |  1.0
Hexes          | |  2.6

Action                     || total
---------------------------++-------
   Fire: Sling             ||    93
    Use: Scroll            ||     5
         Potion            ||     1
 Armour: Robe              ||     7
         Ring mail         ||    40
  Dodge: Dodged            ||    32

Table legend:
 A = Non-vault XP
 B = Vault XP
 C = Vault XP percentage of total XP
 D = Non-vault monster count
 E = Vault monster count
 F = Vault count percentage of total count
                 A         B        C        D         E       F
            +---------+---------+-------+---------+---------+-------
      Total |      52 |       9 |  14.8 |      20 |       8 |  28.6
            +---------+---------+-------+---------+---------+-------
        D:1 |      21 |       7 |  25.0 |      12 |       7 |  36.8
        D:2 |       6 |       0 |   0.0 |       2 |       0 |   0.0
        D:3 |      25 |       2 |   7.4 |       6 |       1 |  14.3
            +---------+---------+-------+---------+---------+-------
